 Dungeon Crawl Stone Soup version 0.17-a0-1399-gd5b76e1 (webtiles) character file.

90 urechis the Poker (level 4, 0/33 HPs)
             Began as a Merfolk Gladiator on June 19, 2015.
             Slain by Grinder (2 damage)
             ... while paralysed by Grinder
             ... on level 4 of the Dungeon.
             The game lasted 00:04:20 (1802 turns).

urechis the Poker (Merfolk Gladiator)               Turns: 1802, Time: 00:04:20

Health: 0/33       AC:  6    Str: 15    XL:     4   Next: 56%
Magic:  4/4        EV:  2    Int:  7    God:
Gold:   135        SH:  0    Dex: 15    Spells: 0 memorised, 3 levels left

rFire  . . .     SeeInvis .     a - +0 trident
rCold  . . .     Clarity  .     b - +0 leather armour
rNeg   . . .     SustAt   .     (no shield)
rPois  .         Gourm    .     p - +2 hat
rElec  .         Spirit   .     (no cloak)
rCorr  +         Warding  .     (no gloves)
rMut   .         Stasis   .     m - +0 pair of boots
MR     .....                    o - amulet of resist corrosion
Stlth  +.........               (no ring)
                                (no ring)

@: paralysed, flying, not resistant to hostile enchantments, very unstealthy
A: change form in water, swift swim
a: no special abilities


You were on level 4 of the Dungeon.
You were hungry.

You visited 1 branch of the dungeon, and saw 3 of its levels.

You collected 135 gold pieces.

Inventory:

Hand weapons
 a - a +0 trident (weapon)
Missiles
 d - 3 throwing nets (quivered)
Armour
 b - a +0 leather armour (worn)
 m - a +0 pair of boots (worn)
 p - a +2 hat (worn)
Jewellery
 o - an amulet of resist corrosion (around neck)
 q - an uncursed ring of fire
Scrolls
 f - 5 scrolls of remove curse {unknown}
 h - a scroll of blinking {unknown}
 i - 2 scrolls of teleportation {unknown}
 j - 5 scrolls of identify {unknown}
Potions
 g - a potion of magic
 k - a potion of might {unknown}
 n - a potion of curing {unknown}
Comestibles
 e - 2 bread rations
 l - a fruit


   Skills:
 - Level 2.1 Fighting
 + Level 7.5 Polearms
 - Level 2.0 Throwing
 - Level 4.0 Dodging


You had 3 spell levels left.
You didn't know any spells.

Dungeon Overview and Level Annotations

Branches:
Dungeon (4/15)
 Temple: D:4-7

Altars:
Gozag

Annotations:
D:4 Grinder


Message History

Grinder hits you.
You writhe in agony.
You puncture Grinder!
Grinder is severely wounded.
Grinder misses you.
You hit Grinder but do no damage.
Grinder is severely wounded.
Grinder gestures at you. Pain shoots through your body!
* * * LOW HITPOINT WARNING * * *
You are too injured to fight recklessly!
Drink which item? (? for menu, Esc to quit)
It was a potion of flight.
You feel very buoyant.
You fly up into the air.
Grinder misses you. Grinder gestures at you.
You barely resist. Grinder gestures at you.
You suddenly lose the ability to move!
Grinder hits you.
You die...

.......#####............
........#####............
............................
.#####.....# #............... ##
##...#### #...............
##..#..# #.............).
###..##..## #................
##..###[).######.................
...###..........@5...............
...##..####..#...................
...##.##..##.##....#............
....#.#...[#..#..####...........
....#.#..#....#..# ###.....##
#...#.##.##..##..# ##.....#
#......#..####.... #......#
#..............##...........#
..####..######## ............#


You could see Grinder.

Vanquished Creatures
  An orc priest (D:4)
  2 adders (D:4)
  2 giant geckos
  An orc (D:4)
  3 ball pythons
  6 hobgoblins
  A quokka (D:4)
  2 bats
  2 giant newts
  5 goblins
  6 kobolds
  4 rats (D:1)
35 creatures vanquished.

Notes
Turn   | Place    | Note
--------------------------------------------------------------
     0 | D:1      | urechis the Merfolk Gladiator began the quest for the Orb.
     0 | D:1      | Reached XP level 1. HP: 16/16 MP: 1/1
    52 | D:1      | Reached skill level 5 in Polearms
   125 | D:1      | Reached XP level 2. HP: 22/22 MP: 2/2
   852 | D:2      | Reached skill level 6 in Polearms
   852 | D:2      | Reached XP level 3. HP: 27/27 MP: 3/3
  1115 | D:2      | You fall through a shaft for 2 floors!
  1137 | D:4      | Found an opulent altar of Gozag.
  1381 | D:4      | Reached skill level 7 in Polearms
  1381 | D:4      | Reached XP level 4. HP: 11/33 MP: 4/4
  1775 | D:4      | Noticed Grinder
  1789 | D:4      | HP: 1/33 [Grinder/nerve-wracking pain (12)]
  1799 | D:4      | Paralysed by Grinder for 7 turns
  1802 | D:4      | Slain by Grinder

Vault maps used:
D:1:      onia_arrival_mini_maze_b, minmay_misc_feat_ornament,
          lemuel_old_faithful
D:4:      nicolae_gozag_seed_capital, minmay_temple_entry_hall, first_bread,
          minmay_statues_item, minmay_close_crescents, uniq_grinder

Action                   |  1- 3 |  4- 6 || total
-------------------------+-------+-------++-------
Melee: Trident           |   110 |    34 ||   144
  Use: Potion            |     3 |     2 ||     5
 Stab: Sleeping          |     1 |       ||     1
  Eat: Chunk             |     1 |     1 ||     2
